Unix NetHack Version 5.0.0-0 post-release - last build May 10 2026 23:12:36 (d1fa5d53e341ca933230fdaa984d921c805b60aa,branch:main).

Game began 2026-05-15 00:31:03, ended 2026-05-15 02:52:16.

Kwijibo4686, neutral female human Valkyrie

 -----------------       ---------------------------   -----------------------
 |*..|.....|..*..|       |...........|.............|   |..^..*.|...|...|.....|
 |.|.|.|.---.---.|     --|.---.-----*|.|.|.|...-----------.-.|*|.|.|...|.|^|.|
 |.|...|.|.......|     |.|..*..|...|.|.|.|.|...|...[........)|...|.|.....|.|.|
 |.|-----|.---.-----   |.|.---.|.|.|.|.|.--|.--|.|[|...-.-------.|.------|.--|
 |.|.....|.|...|...|   |.........|.|...|...|.| |.|.|.....|.......|.......|...|
 |.-.....|.|.---.|.| ---.--------------|.|.-----.|.|"......-.---.-------.|.|)|
 |.|....*|.|.....|.| |...|   |.........|.|...................|.....| |...|.|.|
 |.------|.|--.--|.|--.--|.--|.........|----.---.......---.|.|..[..|.|.|.---.|
 |.......|.|*....|.|.....|...%....<....-...|.| |.......|*..|.|..{..|.|.|.....|
 |.-----.|.|.|.---.|.----| |.|....*....|--.|.--|.---.*.|"|.|.|.....|.|%---*|.|
 |.|.....|.|.|.|...|...|   |.|.........|.).|...|.|.......|..*|.....|.......|.|
 |.|.---.|.|.|-|.---...- ---.|---------|.---.---.|--...|.-------.--|.---------
 |.|.| |B|...| |.|...... ....|..*|...|.|.| ..|...| |...|...........|.|.|..|
 --|.---@|.--- |.|.|...---*|.|.|.|.|.|.|.|----.--- ----|.-.-------.|.|.|..|
   |.....e.|   |...|...|...|...|...|...|%|.....|       |...|...|...|...|..|
   ---------   |.-------.{...---.-.|--.|.|.|...|       ---.|.|.|.-----.|..|
               |...................| |.|...|...|         |...|.|..........|
               --------------------- -----------         ----- ------------
Kwijibo4686 the Fighter     St:16 Dx:14 Co:18 In:11 Wi:9 Ch:8  Neutral
Dlvl:11 $:0  HP:0(70) Pw:17(17) AC:-3 Xp:8 T:5582 

Latest messages:
 The vampire bat misses!
 The vampire bat bites!
 The vampire bat bites!
 The vampire bat bites again!
 The vampire bat bites!
 The vampire bat bites again!
 The vampire bat just misses!
 The vampire bat bites!
 The vampire bat just misses!
 The vampire bat misses!
 The vampire bat bites!
 The vampire bat bites again!
 The vampire bat bites!
 The vampire bat misses!
 The vampire bat bites!
 The vampire bat bites again!
 The vampire bat bites!
 The vampire bat misses!
 The vampire bat just misses!
 The vampire bat bites!
 The vampire bat's bite was poisoned!
 The vampire bat bites!
 The vampire bat bites again!
 The vampire bat bites!
 The vampire bat misses!
 The vampire bat bites!
 The vampire bat bites again!
 The vampire bat bites!
 The vampire bat bites again!
 The vampire bat bites!
 The vampire bat bites again!
 The vampire bat bites!
 The vampire bat misses!
 The vampire bat bites!
 The vampire bat bites again!
 The vampire bat bites!
 The vampire bat misses!
 The vampire bat bites!
 The vampire bat bites again!
 The vampire bat bites!
 The vampire bat bites again!
 The vampire bat just misses!
 The vampire bat bites!
 The vampire bat bites!
 You die...
 Do you want your possessions identified? [ynq] (y) y
 Do you want to see your attributes? [ynq] (y) y
 Do you want an account of creatures vanquished? [ynaq] (y) y
 Do you want to see your conduct and achievements? [ynq] (y) y
 Do you want to see the dungeon overview? [ynq] (y) y

Inventory:
 Weapons  (')')
  V - a +1 spear (weapon in right hand)
 Armor    ('[')
  T - an uncursed +0 dwarvish iron helm (being worn)
  Q - an uncursed burnt +0 pair of leather gloves (being worn)
  k - a blessed burnt +1 pair of speed boots (being worn)
  c - an uncursed +3 small shield (being worn)
  U - an uncursed +0 dwarvish mithril-coat (being worn)
 Scrolls  ('?')
  J - a cursed scroll of teleportation
 Potions  ('!')
  G - an uncursed potion of levitation
 Wands    ('/')
  o - a wand of create monster (0:14)
  u - a blessed wand of digging (0:7)
  f - a wand of digging (0:7)
  R - a wand of polymorph (0:4)
  S - a wand of secret door detection (0:14)
  v - a wand of speed monster (0:6)
  H - a wand of striking (0:3)
  E - a wand of striking (0:0)
 Tools    ('(')
  a - an uncursed bag of holding containing 37 items
  L - an uncursed magic lamp (lit)
  I - a +0 pick-axe
  r - a cursed skeleton key
  s - a +0 unicorn horn

Contents of the bag of holding:
  737 gold pieces
  an uncursed amulet of guarding
  an uncursed slime mold
  an uncursed clove of garlic
  an uncursed cream pie
  5 uncursed food rations
  a cursed food ration
  an uncursed fortune cookie
  an uncursed tripe ration
  2 uncursed scrolls of confuse monster
  2 uncursed scrolls of create monster
  an uncursed scroll of destroy armor
  an uncursed scroll of earth
  an uncursed scroll of enchant armor
  an uncursed scroll of enchant weapon
  an uncursed scroll of gold detection
  a cursed scroll of gold detection
  3 uncursed scrolls of identify
  an uncursed scroll of light
  a cursed scroll of magic mapping
  2 uncursed scrolls of remove curse
  an uncursed scroll of teleportation
  an uncursed potion of extra healing
  an uncursed potion of gain energy
  an uncursed potion of gain level
  an uncursed potion of levitation
  an uncursed potion of restore ability
  a cursed potion of sleeping
  a blessed potion of speed
  an uncursed potion of water
  an uncursed ring of conflict
  an uncursed magic whistle
  a cursed oil lamp
  an uncursed tallow candle
  an uncursed partly used tallow candle
  2 uncursed wax candles
  2 uncursed luckstones

Kwijibo4686 the Valkyrie's attributes:

Background:
 You were a Fighter, a level 8 human Valkyrie.
 You were neutral, on a mission for Odin
 who was opposed by Tyr (lawful) and Loki (chaotic).
 You were right-handed.
 You were in the Gnomish Mines, on level 11.
 You entered the dungeon 5582 turns ago.
 It was nighttime.
 You had 2438 experience points, 122 more were needed to attain level 9.

Basics:
 You had 0 out of 70 hit points.
 You had all 17 energy points (spell power).
 Your armor class was -3.
 Your wallet was empty, but
 you had 737 zorkmids stashed away in your pack.
 Autopickup was on for '$?!/="' plus thrown.

Final Characteristics:
 Your strength was 16 (peak:17, limit:18/100).
 Your dexterity was 14 (limit:18).
 Your constitution was 18 (limit:18).
 Your intelligence was 11 (limit:18).
 Your wisdom was 9 (limit:18).
 Your charisma was 8 (limit:18).

Final Status:
 You weren't hungry.
 You were unencumbered.
 You were wielding a spear.
 You had expert skill with spear.

Final Attributes:
 You were piously aligned.
 You were cold resistant.
 You were stealthy.
 You were guarded.
 You were very fast.
 You are dead.

Miscellaneous:
 You didn't encounter any bones levels.
 Total elapsed playing time was 1 hour, 50 minutes and 37 seconds.

Major events:
 Turn
    1: Kwijibo4686 the neutral human Valkyrie entered the dungeon
  589: entered the Gnomish Mines
  605: attained the rank of Skirmisher (level 3)
 1816: reached Mine Town
 2078: attained the rank of Fighter (level 6)
 5582: killed by a vampire in bat form, while frozen by a floating eye's gaze

You didn't know any spells.

Skills:
 Fighting Skills
   bare handed combat [Unskilled]
   two weapon combat  [Unskilled]
   riding             [Unskilled]
 Weapon Skills
   dagger             [Basic]
   axe                [Unskilled]
   pick-axe           [Unskilled]
   short sword        [Unskilled]
   broadsword         [Unskilled]
   long sword         [Unskilled]
   two-handed sword   [Unskilled]
   saber              [Unskilled]
   hammer             [Unskilled]
   quarterstaff       [Unskilled]
   polearms           [Unskilled]
   spear              [Expert]
   trident            [Unskilled]
   lance              [Unskilled]
   sling              [Unskilled]
 Spellcasting Skills
   attack spells      [Unskilled]
   escape spells      [Unskilled]

Voluntary challenges:
 Character rerolling was not enabled.
 You never genocided any monsters.
 You never polymorphed an object.
 You never changed form.
 You used no wishes.
Achievements:
 You entered the Gnomish Mines.
 You attained the rank of Skirmisher.
 You entered Minetown.
 You entered a shop.
 You entered a temple.
 You attained the rank of Fighter.

 The Dungeons of Doom: levels 1 to 4
    Level 1:
       A fountain.
    Level 2:
       Some fountains.
       Stairs down to The Gnomish Mines.
    Level 3:
       Some fountains.
    Level 4:
 The Gnomish Mines: levels 3 to 11
    Level 3:
    Level 4:
    Level 5:
       Many shops, a temple and an altar to Odin, some fountains.
    Level 6:
    Level 7:
    Level 8:
    Level 9:
    Level 10:
    Level 11: <- You were here.
       Some fountains.
       Final resting place for
          you, killed by a vampire in bat form, while frozen by a floating eye's gaze.


Vanquished creatures:
 an ettin mummy
  a flaming sphere
  a giant beetle
  a quivering blob
  a panther
  5 giant spiders
  a scorpion
  a vampire bat
  3 gnome rulers
  2 orc mummies
  a werewolf
  a white unicorn
  a black unicorn
  a dust vortex
  a raven
  2 gnome mummies
 an ape
  2 human zombies
  a bugbear
 10 Uruk-hai
 an orc shaman
  a violet fungus
 16 gnome leaders
  4 gnomish wizards
  2 kobold mummies
  a ghoul
  a little dog
 17 dwarves
  2 homunculi
  a rabid rat
  a giant bat
  2 dwarf zombies
  2 iguanas
  a coyote
  a gas spore
  3 hobbits
  a hobgoblin
  a yellow mold
  a red mold
 67 gnomes
  a gnome zombie
  3 geckos
  4 jackals
  2 kobolds
  2 goblins
  4 sewer rats
 11 grid bugs
 11 lichens
  3 kobold zombies
  4 newts
209 creatures vanquished.

No species were genocided or became extinct.

Game over:
                       ----------
                      /          \
                     /    REST    \
                    /      IN      \
                   /     PEACE      \
                  /                  \
                  |   Kwijibo4686    |
                  |      737 Au      |
                  |   killed by a    |
                  |  vampire in bat  |
                  |       form       |
                  |                  |
                  |       2026       |
                 *|     *  *  *      | *
        _________)/\\_//(\/(/\)/\//\/|_)_______

Farvel Kwijibo4686 the Valkyrie...

You died in The Gnomish Mines on dungeon level 11 with 10926 points,
and 737 pieces of gold, after 5582 moves.
You were level 8 with a maximum of 70 hit points when you died.

